 Dungeon Crawl Stone Soup version 0.29.0-15-g675c0067aa (webtiles) character file.

Game seed: 543518618745379968

34972 qw the Severer (level 13, 0/125 HPs)
             Began as a Minotaur Berserker on Sept 11, 2022.
             Was a Priest of Trog.
             Slain by a cane toad (1 damage)
             ... on level 5 of the Lair of Beasts.
             The game lasted 00:06:17 (20765 turns).

qw the Severer (Minotaur Berserker)                Turns: 20765, Time: 00:06:17

Health: 0/125      AC: 30    Str: 27    XL:     13   Next: 45%
Magic:  13/13      EV:  9    Int:  2    God:    Trog [***...]
Gold:   979        SH:  5    Dex: 10    Spells: 12/12 levels left

rFire   + . .      SeeInvis .   Y - +1 broad axe
rCold   . . .      Faith    .   (no shield)
rNeg    . . .      Spirit   .   p - +8 plate armour {ponderous}
rPois   .          Reflect  +   (helmet restricted)
rElec   .          Harm     .   (no cloak)
rCorr   .          Rampage  .   a - +1 pair of gloves
Will    .....      Clarity  +   f - +0 pair of boots
Stlth   ..........              r - amulet of reflection
HPRegen 0.30/turn               m - +4 ring of evasion
MPRegen 0.13/turn               v - ring of protection from fire

@: lethally poisoned (0 -> -10), about to teleport, petrifying, on berserk
cooldown, very slow
A: horns 2, retaliatory headbutt, iridescent scales 1, clarity, dopey 1, high MP
1
a: Renounce Religion, Berserk, Trog's Hand


You were on level 5 of the Lair of Beasts.
You worshipped Trog.
Trog was most pleased with you.
You visited 2 branches of the dungeon, and saw 15 of its levels.
You also visited: Gauntlet.

You collected 1052 gold pieces.
You spent 73 gold pieces at shops.


Innate Abilities, Weirdness & Mutations

You have a pair of horns on your head.
You reflexively headbutt those who attack you in melee.
You are partially covered in iridescent scales. (AC +2)
You possess an exceptional clarity of mind.
You are dopey. (Int -2)
You have an increased reservoir of magic. (+10% MP)


   Skills:
 + Level 14.9 Fighting
 - Level 18.0 Axes
 - Level 6.1 Throwing
 - Level 13.0 Armour
 - Level 5.0 Dodging


You had 12 spell levels left.
You didn't know any spells.
Your spell library was empty.

Inventory:

Hand Weapons
 g - a -2 demon whip of venom
 Y - a +1 broad axe (weapon)
Missiles
 h - 10 boomerangs
 k - 3 javelins (quivered)
Armour
 a - a +1 pair of gloves (worn)
 f - a +0 pair of boots (worn)
 p - a +8 plate armour of ponderousness (worn)
Jewellery
 c - the ring "Ceac Zoshawk" {rCorr MP+9 Dex+3}
   (You found it in a Gauntlet)

   [ring of magical power]

   Dex:       It affects your dexterity (+3).
   MP:        It affects your magic capacity (+9).
   rCorr:     It protects you from acid and corrosion.
 m - a +4 ring of evasion (left hand)
 r - an amulet of reflection (around neck)
 t - a ring of willpower
 v - a ring of protection from fire (right hand)
Wands
 d - a wand of digging (3)
Scrolls
 b - 5 scrolls of teleportation
 q - 4 scrolls of identify
Potions
 e - 9 potions of curing
 i - a potion of haste
 j - 4 potions of mutation
 l - 3 potions of resistance
 o - a potion of might
 s - a potion of brilliance {unknown}

Dungeon Overview and Level Annotations

Branches:
Dungeon (10/15)            Temple (0/1) D:7            Lair (5/5) D:10
 Shoals (0/4) Lair:3        Snake (0/4) Lair:3      Gauntlet (visited)
  Slime: Lair:4-5       Orc: D:9-12

Altars:
Elyvilon
Fedhas
Nemelex Xobeh
Uskayaw
Wu Jian
The Shining One

Shops:
D:2 (   D:3 (

Annotations:
D:6 1 runed translucent door, Crazy Yiuf
Lair:3 3 runed translucent doors, qw's ghost, journeyman MiBe


Message History

You closely miss the basilisk. You slash the basilisk! You hit the basilisk.
You slash the cane toad!
You feel sick. The basilisk barely misses you. You furiously retaliate!
You headbutt the basilisk! The cane toad stings you!
You are lethally poisoned!
The cane toad poisons you! The elephant completely misses you.
The elephant closely misses you. The basilisk bites you!
The basilisk gazes at you.
You easily resist.
The blink frog blinks!
20764 ||| READING 6 scrolls of teleportation.
As you read the scroll of teleportation, it crumbles to dust.
You feel strangely unstable.
You feel extremely sick.
The blink frog blinks!
The cane toad closely misses you.
The blink frog blinks!
The basilisk gazes at you.
You easily resist.
The elephant completely misses you. The elephant misses you.
The basilisk gazes at you.
You are slowing down.
The basilisk gazes at you.
You easily resist.
The cane toad stings you but does no damage.
The blink frog blinks!
The basilisk bites you but does no damage.
The elephant closely misses you. You furiously retaliate!
You headbutt the elephant.
The elephant trunk-slaps you but does no damage.
The cane toad barely misses you. You furiously retaliate!
You headbutt the cane toad.
20765 ||| DRINKING potion of heal wounds.
You feel much better.
You feel yourself speed up.
You feel extremely sick.
The blink frog blinks!
The cane toad stings you! The basilisk closely misses you.
The basilisk bites you but does no damage.
The cane toad stings you! The basilisk gazes at you.
You easily resist.
You block the elephant's attack. x2
The cane toad stings you.
You die...

#.. .~~~~~~ ##...
.~~~~~. #.....
.~~~~~~ #....F#
.ยค~~~~~
..<....## .~~~~~~
......#.##..~~~~~
......%%F#l.~~~~~
.../..%.#@lY..~~~
......%%FYl......
........FY[......
.................
...........F.....
..#....##PP......
. #.... ##....##.
P..... P.....
.....# .......


You could see 3 elephants, 2 cane toads, 3 basilisks and 3 blink frogs.

Vanquished Creatures
  Kirke (Lair:4)
  A minotaur (Gauntlet)
  Harold (Lair:2)
  2 hydras
  A two-headed ogre (D:10)
  Nergalle (Lair:2)
  Sonja (Lair:2)
  Amaemon (Lair:2)
  An orange crystal statue (Gauntlet)
  A deep elf pyromancer (D:10)
  12 elephants
  A black mamba (Lair:3)
  A gargoyle (D:10)
  10 cane toads
  An orange demon (Lair:2)
  2 unseen horrors (D:10)
  2 rime drakes
  Maggie (D:7)
  10 komodo dragons
  2 trolls (D:9)
  A polar bear (Lair:5)
  A raiju (Gauntlet)
  16 blink frogs
  Grinder (D:4)
  2 slime creatures (D:10)
  A ynoxinul (Gauntlet)
  2 wyverns
  A wraith (D:9)
  2 basilisks (Lair:2)
  3 hogs (Lair:4)
  29 yaks
  A steam dragon (Gauntlet)
  Menkaure (D:4)
  7 water moccasins
  2 wargs (D:10)
  2 nagas (Lair:3)
  Edmund (D:4)
  5 orc warriors
  An ice beast (D:5)
  3 black bears (D:6)
  6 sky beasts
  3 ogres
  5 wolves (Lair:2)
  2 centaurs (D:9)
  A phantom (D:4)
  2 kobold brigands
  6 bullfrogs
  A necrophage (D:4)
  2 gnoll sergeants
  2 scorpions (D:5)
  4 wights (D:7)
  5 killer bees (D:7)
  A howler monkey (D:9)
  4 electric eels (Lair:2)
  3 hounds
  3 orc priests
  2 jellies (D:5)
  A gnoll bouda (D:8)
  7 iguanas
  2 iron imps (Gauntlet)
  Jessica (D:3)
  Natasha (thrice) (D:3)
  8 orc wizards
  Robin (D:3)
  20 gnolls
  9 adders
  A river rat (D:3)
  5 white imps
  3 ufetubi
  3 worms
  4 dart slugs
  29 orcs
  5 endoplasms
  7 giant cockroaches
  16 goblins
  15 hobgoblins
  3 jackals (D:1)
  21 kobolds
  2 quokkas
  10 ball pythons
  8 bats
  3 frilled lizards
  10 rats
384 creatures vanquished.

Vanquished Creatures (others)
  2 demonic plants (D:1)
  13 fungi
  109 plants
  3 withered plants (Gauntlet)
127 creatures vanquished.

Grand Total: 511 creatures vanquished

Notes
Turn   | Place    | Note
-------+----------+-------------------------------------------
     0 | D:1      | qw the Minotaur Berserker began the quest for the Orb.
     0 | D:1      | Reached XP level 1. HP: 19/19 MP: 0/0
     0 | D:1      | 0 ||| qw: Version: 0.1-a-119-g272c26d
     0 | D:1      | 0 ||| qw: Game counter: 10653
     0 | D:1      | 0 ||| qw: Always use a shield: true
     0 | D:1      | 0 ||| qw: Do Orc after D:15 true
     0 | D:1      | 0 ||| qw: Do second Lair branch before Depths: true
     0 | D:1      | 0 ||| qw: Lair rune preference: random
     0 | D:1      | 0 ||| qw: Plans: Normal
     0 | D:1      | 0 ||| PLANNING D:1-11
   170 | D:1      | 170 ||| Stepping ~*~*~tactically~*~*~ (stealth).
   172 | D:1      | 172 ||| Stepping ~*~*~tactically~*~*~ (stealth).
   178 | D:1      | Reached skill level 4 in Axes
   182 | D:1      | 182 ||| Stepping ~*~*~tactically~*~*~ (stealth).
   184 | D:1      | 184 ||| Stepping ~*~*~tactically~*~*~ (stealth).
   197 | D:1      | 197 ||| Stepping ~*~*~tactically~*~*~ (stealth).
   202 | D:1      | 202 ||| Stepping ~*~*~tactically~*~*~ (stealth).
   209 | D:1      | Reached XP level 2. HP: 26/26 MP: 1/1
   250 | D:1      | 250 ||| INVOKING Berserk.
   251 | D:1      | 251 ||| INVOKING Berserk.
   337 | D:1      | 337 ||| Stepping ~*~*~tactically~*~*~ (stealth).
   365 | D:1      | 365 ||| Stepping ~*~*~tactically~*~*~ (stealth).
   366 | D:1      | 366 ||| Stepping ~*~*~tactically~*~*~ (stealth).
   532 | D:1      | 532 ||| INVOKING Berserk.
   532 | D:1      | HP: 9/39 [kobold/+2 short sword of electrocution (2)]
   791 | D:1      | 791 ||| Stepping ~*~*~tactically~*~*~ (stealth).
   797 | D:1      | 797 ||| INVOKING Berserk.
   800 | D:1      | Reached skill level 5 in Axes
  1065 | D:1      | Reached XP level 3. HP: 26/31 MP: 2/2
  1214 | D:1      | 1214 ||| Stepping ~*~*~tactically~*~*~ (hiding).
  1338 | D:1      | Found a faded altar of an unknown god.
  1396 | D:1      | 1396 ||| UPGRADING to +0 pair of boots.
  1401 | D:1      | 1401 ||| UPGRADING to +0 plate armour.
  1411 | D:1      | 1411 ||| DROPPING +0 animal skin.
  1412 | D:1      | 1412 ||| READING scroll labelled ILAXAI YLUCAPS.
  1413 | D:1      | 1413 ||| READING scroll labelled CUPUUR KEBYRGHI.
  1414 | D:1      | 1414 ||| READING scroll labelled XERCHU DUTY.
  1553 | D:1      | 1553 ||| READING scroll labelled EDEUDD SAUFO.
  1554 | D:1      | 1554 ||| DRINKING 3 puce potions.
  1554 | D:1      | Gained mutation: You are dopey. (Int -2) [potion of
                  | mutation]
  1554 | D:1      | Gained mutation: You have an increased reservoir of magic.
                  | (+10% MP) [potion of mutation]
  1554 | D:1      | Gained mutation: You possess an exceptional clarity of
                  | mind. [potion of mutation]
  1554 | D:1      | Gained mutation: You are partially covered in iridescent
                  | scales. (AC +2) [potion of mutation]
  1588 | D:2      | Found Femode's Antique Weapon Boutique.
  1649 | D:2      | 1649 ||| FLEEEEING.
  1689 | D:2      | 1689 ||| BUYING war axe (73 gold).
  1689 | D:2      | Bought a war axe for 73 gold pieces
  1689 | D:2      | 1689 ||| SWAPPING to +0 war axe.
  1690 | D:2      | 1690 ||| DROPPING +0 hand axe.
  1709 | D:2      | Reached ** piety under Trog
  1710 | D:2      | Reached skill level 6 in Axes
  1710 | D:2      | Reached XP level 4. HP: 38/39 MP: 3/3
  1716 | D:2      | 1716 ||| Stepping ~*~*~tactically~*~*~ (stealth).
  1717 | D:2      | 1717 ||| Stepping ~*~*~tactically~*~*~ (stealth).
  1719 | D:2      | 1719 ||| Stepping ~*~*~tactically~*~*~ (stealth).
  1870 | D:2      | 1870 ||| Stepping ~*~*~tactically~*~*~ (hiding).
  1873 | D:2      | 1873 ||| Stepping ~*~*~tactically~*~*~ (hiding).
  1878 | D:2      | 1878 ||| Stepping ~*~*~tactically~*~*~ (hiding).
  1879 | D:2      | 1879 ||| Stepping ~*~*~tactically~*~*~ (hiding).
  1881 | D:2      | 1881 ||| INVOKING Berserk.
  1892 | D:2      | 1892 ||| Stepping ~*~*~tactically~*~*~ (hiding).
  1898 | D:2      | Reached skill level 7 in Axes
  1898 | D:2      | Reached XP level 5. HP: 30/45 MP: 4/4
  1899 | D:2      | 1899 ||| Stepping ~*~*~tactically~*~*~ (stealth).
  2249 | D:2      | 2249 ||| Stepping ~*~*~tactically~*~*~ (hiding).
  2367 | D:2      | 2367 ||| Stepping ~*~*~tactically~*~*~ (hiding).
  2373 | D:2      | Reached skill level 3 in Armour
  2619 | D:2      | 2619 ||| INVOKING Berserk.
  2758 | D:2      | 2758 ||| DROPPING +0 whip.
  2793 | D:2      | 2793 ||| Stepping ~*~*~tactically~*~*~ (stealth).
  2920 | D:2      | 2920 ||| DROPPING orb of light.
  2921 | D:2      | 2921 ||| READING scroll labelled ZUANOELYMU.
  2922 | D:2      | 2922 ||| READING 2 scrolls labelled MIREIBREIH.
  2925 | D:2      | 2925 ||| READING scroll labelled BERU EDIFARGH.
  2926 | D:2      | 2926 ||| DRINKING 2 clear potions.
  2936 | D:3      | 2936 ||| PLANNING SEWER
  2960 | D:3      | 2960 ||| Stepping ~*~*~tactically~*~*~ (stealth).
  2971 | D:3      | 2971 ||| Stepping ~*~*~tactically~*~*~ (hiding).
  3012 | D:3      | Noticed Robin
  3013 | D:3      | 3013 ||| Stepping ~*~*~tactically~*~*~ (hiding).
  3019 | D:3      | 3019 ||| INVOKING Berserk.
  3032 | D:3      | Killed Robin
  3080 | D:3      | 3080 ||| FLEEEEING.
  3089 | D:3      | 3089 ||| STAIRDANCE
  3198 | D:3      | 3198 ||| Stepping ~*~*~tactically~*~*~ (stealth).
  3204 | D:3      | 3204 ||| Stepping ~*~*~tactically~*~*~ (stealth).
  3276 | D:3      | Reached *** piety under Trog
  3303 | D:3      | 3303 ||| Stepping ~*~*~tactically~*~*~ (stealth).
  3305 | D:3      | 3305 ||| Stepping ~*~*~tactically~*~*~ (stealth).
  3310 | D:3      | 3310 ||| Stepping ~*~*~tactically~*~*~ (stealth).
  3327 | D:3      | 3327 ||| Stepping ~*~*~tactically~*~*~ (stealth).
  3375 | D:3      | 3375 ||| Stepping ~*~*~tactically~*~*~ (stealth).
  3379 | D:3      | Noticed Natasha
  3381 | D:3      | 3381 ||| INVOKING Berserk.
  3386 | D:3      | Killed Natasha
  3387 | D:3      | Reached XP level 6. HP: 52/52 MP: 5/5
  3404 | D:3      | 3404 ||| Stepping ~*~*~tactically~*~*~ (stealth).
  3419 | D:3      | 3419 ||| Stepping ~*~*~tactically~*~*~ (stealth).
  3421 | D:3      | 3421 ||| Stepping ~*~*~tactically~*~*~ (stealth).
  3422 | D:3      | 3422 ||| Stepping ~*~*~tactically~*~*~ (stealth).
  3423 | D:3      | 3423 ||| Stepping ~*~*~tactically~*~*~ (stealth).
  3424 | D:3      | 3424 ||| FLEEEEING.
  3425 | D:3      | 3425 ||| FLEEEEING.
  3426 | D:3      | 3426 ||| FLEEEEING.
  3429 | D:3      | 3429 ||| FLEEEEING.
  3430 | D:3      | 3430 ||| FLEEEEING.
  3431 | D:3      | 3431 ||| FLEEEEING.
  3432 | D:3      | 3432 ||| FLEEEEING.
  3433 | D:3      | 3433 ||| FLEEEEING.
  3434 | D:3      | 3434 ||| FLEEEEING.
  3440 | D:3      | 3440 ||| FLEEEEING.
  3466 | D:3      | Noticed Natasha
  3467 | D:3      | 3467 ||| Stepping ~*~*~tactically~*~*~ (stealth).
  3470 | D:3      | 3470 ||| Stepping ~*~*~tactically~*~*~ (hiding).
  3471 | D:3      | 3471 ||| INVOKING Berserk.
  3474 | D:3      | Killed Natasha
  3475 | D:3      | Reached skill level 8 in Axes
  3517 | D:3      | 3517 ||| RIP SEWER
  3583 | D:3      | 3583 ||| PLANNING D:1-11
  3618 | D:3      | 3618 ||| FLEEEEING.
  3619 | D:3      | 3619 ||| FLEEEEING.
  3620 | D:3      | 3620 ||| FLEEEEING.
  3621 | D:3      | 3621 ||| FLEEEEING.
  3622 | D:3      | 3622 ||| FLEEEEING.
  3623 | D:3      | 3623 ||| FLEEEEING.
  3624 | D:3      | 3624 ||| FLEEEEING.
  3625 | D:3      | 3625 ||| FLEEEEING.
  3626 | D:3      | 3626 ||| FLEEEEING.
  3627 | D:3      | 3627 ||| FLEEEEING.
  3628 | D:3      | 3628 ||| FLEEEEING.
  3629 | D:3      | 3629 ||| FLEEEEING.
  3630 | D:3      | 3630 ||| FLEEEEING.
  3632 | D:3      | 3632 ||| FLEEEEING.
  3633 | D:3      | 3633 ||| STAIRDANCE
  3634 | D:2      | HP: 12/52 [poisoned by a kobold]
  3635 | D:2      | 3635 ||| DRINKING 2 potions of curing.
  3635 | D:2      | 3635 ||| (to cure poison)
  3838 | D:2      | 3838 ||| READING scroll labelled VARRUE SITUXYG.
  3839 | D:2      | 3839 ||| READING 2 scrolls of identify.
  3839 | D:2      | 3839 ||| IDENTIFYING metallic dark potion
  3958 | D:3      | 3958 ||| Stepping ~*~*~tactically~*~*~ (stealth).
  3970 | D:3      | 3970 ||| Stepping ~*~*~tactically~*~*~ (stealth).
  3971 | D:3      | 3971 ||| Stepping ~*~*~tactically~*~*~ (stealth).
  3978 | D:3      | 3978 ||| Stepping ~*~*~tactically~*~*~ (stealth).
  3998 | D:3      | Found Idirio's Antique Weapon Shoppe.
  4008 | D:3      | Noticed Jessica
  4009 | D:3      | 4009 ||| Stepping ~*~*~tactically~*~*~ (hiding).
  4013 | D:3      | Killed Jessica
  4263 | D:3      | Noticed Natasha
  4265 | D:3      | 4265 ||| Stepping ~*~*~tactically~*~*~ (hiding).
  4268 | D:3      | 4268 ||| INVOKING Berserk.
  4269 | D:3      | Killed Natasha
  4608 | D:3      | 4608 ||| UPGRADING to ring of willpower.
  4609 | D:3      | 4609 ||| READING scroll labelled QIOCUTHRELYO.
  4610 | D:3      | 4610 ||| READING scroll labelled FED HAQ DEI.
  4611 | D:3      | 4611 ||| READING scroll of teleportation.
  4702 | D:4      | 4702 ||| INVOKING Berserk.
  4707 | D:4      | Reached skill level 9 in Axes
  4811 | D:4      | 4811 ||| Stepping ~*~*~tactically~*~*~ (stealth).
  4812 | D:4      | 4812 ||| Stepping ~*~*~tactically~*~*~ (stealth).
  4853 | D:4      | Noticed Grinder
  4854 | D:4      | 4854 ||| Stepping ~*~*~tactically~*~*~ (hiding).
  4856 | D:4      | 4856 ||| Stepping ~*~*~tactically~*~*~ (hiding).
  4857 | D:4      | 4857 ||| INVOKING Trog's Hand.
  4860 | D:4      | 4860 ||| INVOKING Berserk.
  4867 | D:4      | Killed Grinder
  4868 | D:4      | Reached XP level 7. HP: 59/59 MP: 6/6
  5096 | D:4      | Noticed Edmund
  5096 | D:4      | Noticed Menkaure
  5097 | D:4      | 5097 ||| Stepping ~*~*~tactically~*~*~ (hiding).
  5098 | D:4      | 5098 ||| INVOKING Berserk.
  5104 | D:4      | Killed Edmund
  5107 | D:4      | Killed Menkaure
  5161 | D:4      | 5161 ||| DROPPING +0 flail.
  5228 | D:4      | 5228 ||| Stepping ~*~*~tactically~*~*~ (hiding).
  5229 | D:4      | 5229 ||| Stepping ~*~*~tactically~*~*~ (hiding).
  5284 | D:4      | 5284 ||| Stepping ~*~*~tactically~*~*~ (stealth).
  5299 | D:4      | Reached XP level 8. HP: 61/70 MP: 7/7
  5396 | D:4      | Reached skill level 10 in Axes
  5894 | D:4      | 5894 ||| UPGRADING to +0 pair of gloves.
  5899 | D:4      | 5899 ||| READING scroll labelled PIANUSUIVO.
  5900 | D:4      | 5900 ||| READING scroll labelled UMPOTY KUCZIYF.
  5901 | D:4      | 5901 ||| DRINKING 2 bubbling silvery potions.
  6006 | D:4      | 6006 ||| READING 2 scrolls of identify.
  6006 | D:4      | 6006 ||| IDENTIFYING bubbling clear potion
  6007 | D:4      | 6007 ||| DROPPING potion of flight.
  6008 | D:4      | 6008 ||| DROPPING potion of berserk rage.
  6053 | D:5      | Entered Level 5 of the Dungeon
  6249 | D:5      | Reached skill level 6 in Fighting
  6510 | D:5      | 6510 ||| Stepping ~*~*~tactically~*~*~ (stealth).
  6516 | D:5      | 6516 ||| INVOKING Berserk.
  6686 | D:5      | 6686 ||| INVOKING Berserk.
  6688 | D:5      | Reached skill level 11 in Axes
  6757 | D:5      | 6757 ||| INVOKING Berserk.
  6969 | D:5      | Reached skill level 1 in Throwing
  7138 | D:5      | 7138 ||| INVOKING Berserk.
  7386 | D:5      | 7386 ||| DRINKING 2 fizzy orange potions.
  7436 | D:5      | 7436 ||| DROPPING potion of lignification.
  7457 | D:6      | 7457 ||| Stepping ~*~*~tactically~*~*~ (hiding).
  7550 | D:6      | Reached skill level 12 in Axes
  7571 | D:6      | 7571 ||| Stepping ~*~*~tactically~*~*~ (stealth).
  7618 | D:6      | Found a blossoming altar of Fedhas.
  7621 | D:6      | Found an ornate altar of the Wu Jian Council.
  7663 | D:6      | Identified the +1 chain mail of the Blacksmith {Will+}
  7691 | D:6      | 7691 ||| INVOKING Berserk.
  7693 | D:6      | Reached skill level 6 in Armour
  7693 | D:6      | Reached XP level 9. HP: 75/75 MP: 8/8
  7857 | D:6      | 7857 ||| INVOKING Berserk.
  8132 | D:6      | 8132 ||| INVOKING Berserk.
  8256 | D:6      | Found a sparkling altar of Nemelex Xobeh.
  8326 | D:6      | 8326 ||| INVOKING Berserk.
  8524 | D:6      | Found a runed translucent door.
  8525 | D:6      | Noticed Crazy Yiuf
  8958 | D:6      | 8958 ||| DROPPING +1 chain mail of the Blacksmith {Will+}.
  8959 | D:6      | 8959 ||| DROPPING amulet of faith.
  8960 | D:6      | 8960 ||| UPGRADING to ring of protection from fire.
  8961 | D:6      | 8961 ||| READING scroll labelled JEOPASI ATWUU.
  8962 | D:6      | 8962 ||| DRINKING 2 green potions.
  8963 | D:6      | 8963 ||| DRINKING 3 ruby potions.
  8964 | D:6      | 8964 ||| DROPPING 2 potions of attraction.
  9084 | D:7      | Reached skill level 13 in Axes
  9161 | D:7      | 9161 ||| Stepping ~*~*~tactically~*~*~ (stealth).
  9162 | D:7      | 9162 ||| Stepping ~*~*~tactically~*~*~ (stealth).
  9167 | D:7      | 9167 ||| Stepping ~*~*~tactically~*~*~ (hiding).
  9174 | D:7      | Reached **** piety under Trog
  9178 | D:7      | Reached skill level 3 in Throwing
  9182 | D:7      | 9182 ||| FLEEEEING.
  9183 | D:7      | 9183 ||| FLEEEEING.
  9184 | D:7      | 9184 ||| FLEEEEING.
  9185 | D:7      | 9185 ||| FLEEEEING.
  9186 | D:7      | 9186 ||| FLEEEEING.
  9187 | D:7      | 9187 ||| FLEEEEING.
  9188 | D:7      | 9188 ||| FLEEEEING.
  9189 | D:7      | 9189 ||| FLEEEEING.
  9190 | D:7      | 9190 ||| FLEEEEING.
  9191 | D:7      | 9191 ||| FLEEEEING.
  9192 | D:7      | 9192 ||| FLEEEEING.
  9193 | D:7      | 9193 ||| FLEEEEING.
  9194 | D:7      | 9194 ||| FLEEEEING.
  9195 | D:7      | 9195 ||| FLEEEEING.
  9196 | D:7      | 9196 ||| FLEEEEING.
  9197 | D:7      | 9197 ||| FLEEEEING.
  9198 | D:7      | 9198 ||| FLEEEEING.
  9199 | D:7      | 9199 ||| FLEEEEING.
  9200 | D:7      | 9200 ||| FLEEEEING.
  9201 | D:7      | 9201 ||| FLEEEEING.
  9202 | D:7      | 9202 ||| FLEEEEING.
  9203 | D:7      | 9203 ||| FLEEEEING.
  9242 | D:7      | Noticed Maggie
  9243 | D:7      | 9243 ||| Stepping ~*~*~tactically~*~*~ (hiding).
  9252 | D:7      | Killed Maggie
  9315 | D:7      | 9315 ||| Stepping ~*~*~tactically~*~*~ (stealth).
  9513 | D:7      | 9513 ||| FLEEEEING.
  9514 | D:7      | 9514 ||| FLEEEEING.
  9515 | D:7      | 9515 ||| FLEEEEING.
  9516 | D:7      | 9516 ||| Stepping ~*~*~tactically~*~*~ (stealth).
  9518 | D:7      | 9518 ||| Stepping ~*~*~tactically~*~*~ (stealth).
  9537 | D:7      | Reached XP level 10. HP: 76/88 MP: 10/10
  9545 | D:7      | 9545 ||| FLEEEEING.
  9546 | D:7      | 9546 ||| FLEEEEING.
  9547 | D:7      | 9547 ||| FLEEEEING.
  9548 | D:7      | 9548 ||| FLEEEEING.
  9549 | D:7      | 9549 ||| FLEEEEING.
  9550 | D:7      | 9550 ||| FLEEEEING.
  9551 | D:7      | 9551 ||| FLEEEEING.
  9552 | D:7      | 9552 ||| FLEEEEING.
  9553 | D:7      | 9553 ||| FLEEEEING.
  9554 | D:7      | 9554 ||| FLEEEEING.
  9555 | D:7      | 9555 ||| FLEEEEING.
  9556 | D:7      | 9556 ||| FLEEEEING.
  9557 | D:7      | 9557 ||| FLEEEEING.
  9558 | D:7      | 9558 ||| FLEEEEING.
  9559 | D:7      | 9559 ||| FLEEEEING.
  9561 | D:7      | 9561 ||| FLEEEEING.
  9563 | D:7      | 9563 ||| FLEEEEING.
  9564 | D:7      | 9564 ||| FLEEEEING.
  9565 | D:7      | 9565 ||| FLEEEEING.
  9740 | D:7      | 9740 ||| Stepping ~*~*~tactically~*~*~ (hiding).
  9744 | D:7      | 9744 ||| Stepping ~*~*~tactically~*~*~ (hiding).
  9819 | D:7      | Reached skill level 14 in Axes
  9856 | D:7      | 9856 ||| FLEEEEING.
  9857 | D:7      | 9857 ||| FLEEEEING.
  9858 | D:7      | 9858 ||| FLEEEEING.
  9859 | D:7      | 9859 ||| FLEEEEING.
  9866 | D:7      | 9866 ||| INVOKING Berserk.
  9874 | D:7      | Found a staircase to the Ecumenical Temple.
 10061 | D:7      | 10061 ||| DROPPING orb of energy.
 10062 | D:7      | 10062 ||| DRINKING 2 glowing emerald potions.
 10063 | D:7      | 10063 ||| DROPPING potion of degeneration.
 10202 | D:8      | Found a hide-covered altar of Uskayaw.
 10230 | D:8      | 10230 ||| Stepping ~*~*~tactically~*~*~ (hiding).
 10231 | D:8      | 10231 ||| Stepping ~*~*~tactically~*~*~ (hiding).
 10246 | D:8      | 10246 ||| Stepping ~*~*~tactically~*~*~ (stealth).
 10249 | D:8      | 10249 ||| Stepping ~*~*~tactically~*~*~ (hiding).
 10258 | D:8      | 10258 ||| Stepping ~*~*~tactically~*~*~ (hiding).
 10259 | D:8      | 10259 ||| Stepping ~*~*~tactically~*~*~ (hiding).
 10264 | D:8      | 10264 ||| INVOKING Berserk.
 10544 | D:8      | 10544 ||| INVOKING Berserk.
 10550 | D:8      | Reached skill level 15 in Axes
 10830 | D:8      | 10830 ||| UPGRADING to +4 ring of evasion.
 10832 | D:8      | 10832 ||| READING 2 scrolls of identify.
 10832 | D:8      | 10832 ||| IDENTIFYING murky ruby potion
 10905 | D:9      | Reached skill level 9 in Fighting
 10921 | D:9      | 10921 ||| FLEEEEING.
 10922 | D:9      | 10922 ||| FLEEEEING.
 10923 | D:9      | 10923 ||| FLEEEEING.
 10924 | D:9      | 10924 ||| FLEEEEING.
 10925 | D:9      | 10925 ||| FLEEEEING.
 10926 | D:9      | 10926 ||| STAIRDANCE
 11037 | D:8      | 11037 ||| READING 2 scrolls of identify.
 11037 | D:8      | 11037 ||| IDENTIFYING amethyst potion
 11054 | D:9      | 11054 ||| READING scroll of enchant armour.
 11054 | D:9      | 11054 ||| ENCHANTING +0 pair of gloves.
 11068 | D:9      | 11068 ||| Stepping ~*~*~tactically~*~*~ (hiding).
 11077 | D:9      | 11077 ||| Stepping ~*~*~tactically~*~*~ (stealth).
 11078 | D:9      | 11078 ||| Stepping ~*~*~tactically~*~*~ (stealth).
 11087 | D:9      | 11087 ||| INVOKING Berserk.
 11388 | D:9      | 11388 ||| SWAPPING to +0 broad axe.
 11389 | D:9      | 11389 ||| DROPPING +1 war axe.
 11487 | D:9      | Found a white marble altar of Elyvilon.
 11524 | D:9      | 11524 ||| INVOKING Berserk.
 11527 | D:9      | Reached skill level 3 in Dodging
 11655 | D:9      | 11655 ||| INVOKING Berserk.
 11661 | D:9      | Reached skill level 16 in Axes
 12105 | D:9      | 12105 ||| UPGRADING to amulet of regeneration.
 12150 | D:10     | Entered Level 10 of the Dungeon
 12234 | D:10     | Found a glowing golden altar of the Shining One.
 12275 | D:10     | Noticed a two-headed ogre
 12279 | D:10     | 12279 ||| INVOKING Berserk.
 12281 | D:10     | Killed a two-headed ogre
 12282 | D:10     | Reached XP level 11. HP: 97/97 MP: 11/11
 12411 | D:10     | 12411 ||| Stepping ~*~*~tactically~*~*~ (stealth).
 12413 | D:10     | 12413 ||| Stepping ~*~*~tactically~*~*~ (stealth).
 12423 | D:10     | Found a staircase to the Lair.
 12430 | D:10     | 12430 ||| INVOKING Berserk.
 12575 | D:10     | Noticed a deep elf pyromancer
 12584 | D:10     | 12584 ||| Stepping ~*~*~tactically~*~*~ (hiding).
 12585 | D:10     | 12585 ||| Stepping ~*~*~tactically~*~*~ (hiding).
 12591 | D:10     | Killed a deep elf pyromancer
 12630 | D:10     | 12630 ||| INVOKING Berserk.
 12636 | D:10     | Reached skill level 17 in Axes
 12925 | D:10     | 12925 ||| Stepping ~*~*~tactically~*~*~ (hiding).
 12937 | D:10     | 12937 ||| INVOKING Berserk.
 13370 | D:10     | Reached skill level 9 in Armour
 13828 | D:10     | 13828 ||| PLANNING LAIR
 13828 | D:10     | 13828 ||| READING 3 scrolls of identify.
 13828 | D:10     | 13828 ||| IDENTIFYING bubbling cyan potion
 13829 | D:10     | 13829 ||| DROPPING potion of ambrosia.
 13872 | Lair:1   | Entered Level 1 of the Lair of Beasts
 13880 | Lair:1   | 13880 ||| INVOKING Berserk.
 13980 | Lair:1   | 13980 ||| INVOKING Berserk.
 14190 | Lair:1   | 14190 ||| INVOKING Berserk.
 14353 | Lair:1   | 14353 ||| INVOKING Berserk.
 14509 | Lair:1   | 14509 ||| Stepping ~*~*~tactically~*~*~ (stealth).
 14514 | Lair:1   | Reached skill level 18 in Axes
 14566 | Lair:1   | 14566 ||| INVOKING Berserk.
 14680 | Lair:1   | 14680 ||| INVOKING Berserk.
 14731 | Lair:1   | 14731 ||| Stepping ~*~*~tactically~*~*~ (stealth).
 14737 | Lair:1   | 14737 ||| INVOKING Berserk.
 14915 | Lair:1   | Identified the +8 spear "Kur Tadd" {flame, *Corrode Int+4}
 15280 | Lair:1   | 15280 ||| UPGRADING to amulet of reflection.
 15290 | Lair:1   | 15290 ||| DROPPING amulet of regeneration.
 15291 | Lair:1   | 15291 ||| READING scroll labelled RISKEO YTUTZ.
 15342 | Lair:2   | Noticed Sonja
 15350 | Lair:2   | Killed Sonja
 15351 | Lair:2   | Reached XP level 12. HP: 88/110 MP: 12/12
 15749 | Lair:2   | Noticed Nergalle
 15752 | Lair:2   | 15752 ||| Stepping ~*~*~tactically~*~*~ (hiding).
 15753 | Lair:2   | 15753 ||| Stepping ~*~*~tactically~*~*~ (hiding).
 15755 | Lair:2   | 15755 ||| Stepping ~*~*~tactically~*~*~ (hiding).
 15756 | Lair:2   | 15756 ||| Stepping ~*~*~tactically~*~*~ (hiding).
 15764 | Lair:2   | 15764 ||| INVOKING Berserk.
 15776 | Lair:2   | Killed Nergalle
 15959 | Lair:2   | Noticed Harold
 15960 | Lair:2   | 15960 ||| Stepping ~*~*~tactically~*~*~ (hiding).
 15963 | Lair:2   | 15963 ||| INVOKING Berserk.
 15982 | Lair:2   | Killed Harold
 16257 | Lair:2   | 16257 ||| Stepping ~*~*~tactically~*~*~ (stealth).
 16266 | Lair:2   | 16266 ||| INVOKING Berserk.
 16287 | Lair:2   | HP: 21/110 [electric eel/bolt of electricity (11)]
 16288 | Lair:2   | 16288 ||| READING 6 scrolls of teleportation.
 16289 | Lair:2   | 16289 ||| DRINKING 3 potions of heal wounds.
 16549 | Lair:2   | Noticed a four-headed hydra
 16550 | Lair:2   | 16550 ||| INVOKING Brothers in Arms.
 16552 | Lair:2   | 16552 ||| INVOKING Brothers in Arms.
 16553 | Lair:2   | 16553 ||| Stepping ~*~*~tactically~*~*~ (stealth).
 16554 | Lair:2   | 16554 ||| INVOKING Brothers in Arms.
 16555 | Lair:2   | 16555 ||| INVOKING Brothers in Arms.
 16556 | Lair:2   | 16556 ||| INVOKING Brothers in Arms.
 16557 | Lair:2   | 16557 ||| SWAPPING to +1 flail of protection.
 16558 | Lair:2   | 16558 ||| INVOKING Berserk.
 16560 | Lair:2   | Killed a four-headed hydra
 16672 | Lair:2   | 16672 ||| SWAPPING to +0 broad axe.
 16702 | Lair:2   | 16702 ||| Stepping ~*~*~tactically~*~*~ (stealth).
 16704 | Lair:2   | 16704 ||| Stepping ~*~*~tactically~*~*~ (stealth).
 16798 | Lair:2   | Noticed Amaemon
 16800 | Lair:2   | 16800 ||| INVOKING Berserk.
 16803 | Lair:2   | Reached skill level 12 in Fighting
 16813 | Lair:2   | Killed Amaemon
 16994 | Lair:2   | 16994 ||| DROPPING +1 flail of protection.
 17088 | Lair:2   | 17088 ||| FLEEEEING.
 17089 | Lair:2   | 17089 ||| FLEEEEING.
 17090 | Lair:2   | 17090 ||| FLEEEEING.
 17091 | Lair:2   | 17091 ||| FLEEEEING.
 17092 | Lair:2   | 17092 ||| FLEEEEING.
 17093 | Lair:2   | 17093 ||| FLEEEEING.
 17299 | Lair:2   | 17299 ||| INVOKING Berserk.
 17342 | Lair:2   | 17342 ||| INVOKING Berserk.
 17479 | Lair:2   | 17479 ||| DRINKING potion of cancellation.
 17697 | Lair:3   | Noticed a four-headed hydra
 17699 | Lair:3   | 17699 ||| SWAPPING to -2 demon whip of venom.
 17700 | Lair:3   | 17700 ||| SWAPPING to +0 broad axe.
 17702 | Lair:3   | 17702 ||| SWAPPING to -2 demon whip of venom.
 17703 | Lair:3   | 17703 ||| INVOKING Berserk.
 17707 | Lair:3   | Killed a four-headed hydra
 17749 | Lair:3   | 17749 ||| SWAPPING to +0 broad axe.
 17762 | Lair:3   | 17762 ||| INVOKING Berserk.
 17847 | Lair:3   | Found a staircase to the Snake Pit.
 17914 | Lair:3   | 17914 ||| INVOKING Berserk.
 17931 | Lair:3   | Reached skill level 12 in Armour
 17941 | Lair:3   | HP: 25/115 [komodo dragon (7)]
 17942 | Lair:3   | 17942 ||| READING 5 scrolls of teleportation.
 17943 | Lair:3   | 17943 ||| DRINKING 2 potions of heal wounds.
 18212 | Lair:3   | 18212 ||| READING scroll of enchant weapon.
 18212 | Lair:3   | 18212 ||| ENCHANTING +0 broad axe.
 18251 | Lair:3   | 18251 ||| Stepping ~*~*~tactically~*~*~ (stealth).
 18255 | Lair:3   | 18255 ||| INVOKING Berserk.
 18374 | Lair:3   | 18374 ||| INVOKING Berserk.
 18543 | Lair:3   | Found a runed translucent gate.
 18543 | Lair:3   | Found a runed translucent gate.
 18543 | Lair:3   | Found a runed translucent gate.
 18546 | Lair:3   | Noticed qw's ghost (journeyman MiBe)
 18897 | Lair:3   | Found a staircase to the Shoals.
 19012 | Lair:3   | 19012 ||| UPGRADING to +8 plate armour of ponderousness.
 19022 | Lair:3   | 19022 ||| DROPPING +0 plate armour.
 19023 | Lair:3   | 19023 ||| READING 4 scrolls of identify.
 19023 | Lair:3   | 19023 ||| IDENTIFYING bubbling inky potion
 19024 | Lair:3   | 19024 ||| DROPPING potion of magic.
 19050 | Lair:4   | Found a gate leading to a gauntlet.
 19051 | Lair:4   | 19051 ||| PLANNING GAUNTLET
 19063 | Lair:4   | 19063 ||| STAIRDANCE
 19163 | Gauntlet | Entered a Gauntlet
 19163 | Gauntlet | Found a transporter.
 19172 | Gauntlet | Found a transporter.
 19187 | Gauntlet | Found a transporter.
 19192 | Gauntlet | Found a transporter.
 19209 | Gauntlet | Found a transporter.
 19226 | Gauntlet | Found a transporter.
 19238 | Gauntlet | Found a transporter.
 19244 | Gauntlet | Found a transporter.
 19246 | Gauntlet | Found a transporter.
 19263 | Gauntlet | Found a transporter.
 19267 | Gauntlet | Noticed a ghost crab
 19269 | Gauntlet | Found a transporter.
 19288 | Gauntlet | Found a transporter.
 19297 | Gauntlet | Found a transporter.
 19302 | Gauntlet | Noticed a quicksilver ooze
 19319 | Gauntlet | Found a transporter.
 19334 | Gauntlet | Found a transporter.
 19336 | Gauntlet | Found a transporter.
 19364 | Gauntlet | Found a transporter.
 19559 | Gauntlet | Found a transporter.
 19560 | Gauntlet | 19560 ||| Stepping randomly (stuck).
 19569 | Gauntlet | 19569 ||| INVOKING Berserk.
 19817 | Gauntlet | 19817 ||| INVOKING Brothers in Arms.
 19818 | Gauntlet | 19818 ||| INVOKING Brothers in Arms.
 19819 | Gauntlet | 19819 ||| INVOKING Brothers in Arms.
 19819 | Gauntlet | Paralysed by a floating eye for 2 turns
 19832 | Gauntlet | 19832 ||| INVOKING Berserk.
 19851 | Gauntlet | 19851 ||| INVOKING Trog's Hand.
 19855 | Gauntlet | Lost intelligence.
 19858 | Gauntlet | HP: 19/115 [yak[an orange crystal statue] (12)]
 19859 | Gauntlet | 19859 ||| DRINKING potion of heal wounds.
 19861 | Gauntlet | Reached XP level 13. HP: 37/122 MP: 8/13
 20043 | Gauntlet | Identified the ring "Ceac Zoshawk" {rCorr MP+9 Dex+3}
 20052 | Gauntlet | Identified the +4 long sword "Yppamaoc" {pain, Contam Str+4
                  | Int+2 Dex+5}
 20085 | Gauntlet | Noticed a minotaur
 20086 | Gauntlet | 20086 ||| Stepping ~*~*~tactically~*~*~ (stealth).
 20087 | Gauntlet | 20087 ||| Stepping ~*~*~tactically~*~*~ (stealth).
 20095 | Gauntlet | 20095 ||| INVOKING Berserk.
 20102 | Gauntlet | Killed a minotaur
 20261 | Gauntlet | 20261 ||| DROPPING +1 chain mail of positive energy.
 20284 | Lair:4   | 20284 ||| PLANNING LAIR
 20314 | Lair:4   | 20314 ||| Stepping ~*~*~tactically~*~*~ (stealth).
 20316 | Lair:4   | 20316 ||| Stepping ~*~*~tactically~*~*~ (stealth).
 20339 | Lair:4   | 20339 ||| Stepping ~*~*~tactically~*~*~ (stealth).
 20354 | Lair:4   | Reached skill level 6 in Throwing
 20467 | Lair:4   | 20467 ||| INVOKING Berserk.
 20584 | Lair:4   | Noticed Kirke
 20585 | Lair:4   | 20585 ||| INVOKING Trog's Hand.
 20588 | Lair:4   | 20588 ||| INVOKING Berserk.
 20593 | Lair:4   | Killed Kirke
 20710 | Lair:4   | You fall into a shaft and drop 1 floor!
 20710 | Lair:5   | Entered Level 5 of the Lair of Beasts
 20715 | Lair:5   | 20715 ||| INVOKING Berserk.
 20737 | Lair:5   | 20737 ||| Stepping ~*~*~tactically~*~*~ (stealth).
 20739 | Lair:5   | 20739 ||| Stepping ~*~*~tactically~*~*~ (stealth).
 20763 | Lair:5   | HP: 24/125 [cane toad (17)]
 20764 | Lair:5   | 20764 ||| READING 6 scrolls of teleportation.
 20764 | Lair:5   | HP: 5/125 [poisoned by a cane toad]
 20765 | Lair:5   | 20765 ||| DRINKING potion of heal wounds.
 20765 | Lair:5   | HP: 1/125 [cane toad (5)]
 20765 | Lair:5   | Slain by a cane toad

Levels and vault maps discovered:
D:1:      spicycebolla_arrival_xxxplode, layout_rooms,
          dreamdust_ecumenical_altar_sealed_demon, minmay_tromino_v7
D:2:      cheibrodos_pilgrimage, layout_loops_cross, serial_shops,
          nicolae_shop_overgrown_old_shop, minmay_joined_circles
D:3:      layout_loops_cross, portal_sewer_entry_a, serial_shops,
          nicolae_shop_competitors_out_of_business, grunt_decor_junction,
          minmay_misc_feat_doors, st_stairs_6, minmay_increasing_density,
          uniq_natasha, uniq_robin, uniq_jessica
D:4:      layout_basic, minmay_misc_feat_tower, uniq_menkaure, uniq_edmund,
          uniq_grinder
D:5:      layout_gridville, minmay_misc_feat_columns, supply_closet_lemuel
D:6:      layout_loops_corners, kennysheep_little_box, minitemple,
          uniq_crazy_yiuf_cottage
D:7:      layout_loops_ring, minmay_temple_entry_offerings, uniq_maggie
D:8:      layout_gridville, mainiacjoe_overflow_brackets, serial_glass,
          glass_columns_a, glass_columns_b, glass_columns_b, glass_columns_a
D:9:      hellmonk_crumbling_castle, layout_basic, old_standard_altar,
          minmay_misc_feat_alley
D:10:     layout_layer_cave, lemuel_round_altar, erik_lair_orcish_takeover,
          hangedman_decor_slide_cut, skrybe_limestone_x
Lair:1:   layout_gridlike
Lair:2:   layout_gridlike, serial_bayou_lake_a, serial_bayou_shore_b,
          serial_bayou_shore_a, uniq_sonja, uniq_harold, uniq_nergalle,
          uniq_amaemon
Lair:3:   layout_gridlike, elwin_shoals_entry_rooms,
          guppyfry_snake_entry_island, gammafunk_ghost_necromancy
Lair:4:   layout_regular_city, gauntlet_entry_generic, uniq_kirke
Lair:5:   minmay_lair_end_frog_pond, layout_regular_city,
          dpeg_slime_entry_enclosed, kennysheep_basilisk_garden,
          infiniplex_staircase_pool, serial_bayou_shore_b

Skill      XL: |  1  2  3  4  5  6  7  8  9 10 11 12 13 |
---------------+----------------------------------------+-----
Axes           | 4 5 6 7 9 12 13 16 18 | 18.0
Armour         | 3 5 6 7 8 9 12 13 | 13.0
Fighting       | 4 5 6 8 9 11 13 14 | 14.9
Throwing       | 1 3 4 5 6 |  6.1
Dodging        | 3 5 |  5.0

Action                   |  1- 3 |  4- 6 |  7- 9 | 10-12 | 13-15 || total
-------------------------+-------+-------+-------+-------+-------++-------
Melee: Hand axe          |    67 |       |       |       |       ||    67
       Headbutt          |     9 |    27 |    36 |   101 |    20 ||   193
       War axe           |    10 |   173 |   215 |   147 |       ||   545
       Punch             |       |     1 |     5 |     6 |     2 ||    14
       Broad axe         |       |       |       |   368 |    76 ||   444
       Demon whip        |       |       |       |     4 |       ||     4
       Flail             |       |       |       |     2 |       ||     2
Throw: Boomerang         |       |       |    16 |    42 |     2 ||    60
       Javelin           |       |       |    19 |    79 |     7 ||   105
Invok: Berserk           |     3 |     8 |     9 |    31 |     4 ||    55
       Trog's Hand       |       |     1 |       |     1 |     1 ||     3
       Brothers in Arms  |       |       |       |     2 |       ||     2
  Use: Scroll            |     4 |     8 |     4 |     9 |     1 ||    26
       Potion            |     1 |     2 |     4 |     5 |     1 ||    13
 Stab: Held in net/web   |       |       |       |     2 |       ||     2
Armor: Animal skin       |     7 |       |       |       |       ||     7
       Plate armour      |    15 |    89 |   104 |   236 |   108 ||   552
Dodge: Dodged            |    40 |    49 |    54 |   215 |    81 ||   439
Block: Other             |       |       |       |    32 |    26 ||    58
       Reflection        |       |       |       |     1 |       ||     1

Table legend:
 A = Non-vault XP
 B = Vault XP
 C = Vault XP percentage of total XP
 D = Non-vault monster count
 E = Vault monster count
 F = Vault count percentage of total count
                 A         B        C        D         E       F
            +---------+---------+-------+---------+---------+-------
      Total |   39790 |   10171 |  20.4 |     312 |      72 |  18.8
            +---------+---------+-------+---------+---------+-------
        D:1 |      58 |       3 |   4.9 |      32 |       2 |   5.9
        D:2 |      92 |     136 |  59.6 |      16 |      19 |  54.3
        D:3 |     117 |     132 |  53.0 |      24 |      22 |  47.8
        D:4 |     389 |     584 |  60.0 |      13 |       3 |  18.8
        D:5 |     850 |       0 |   0.0 |      22 |       0 |   0.0
        D:6 |     960 |       0 |   0.0 |      18 |       0 |   0.0
        D:7 |    2878 |     379 |  11.6 |      40 |       1 |   2.4
        D:8 |    1321 |       0 |   0.0 |      16 |       0 |   0.0
        D:9 |    3005 |       0 |   0.0 |      30 |       0 |   0.0
       D:10 |    4538 |     522 |  10.3 |      16 |       7 |  30.4
     Lair:1 |    5342 |       0 |   0.0 |      21 |       0 |   0.0
     Lair:2 |    5397 |    3628 |  40.2 |      24 |       5 |  17.2
     Lair:3 |    5821 |     317 |   5.2 |      16 |       2 |  11.1
     Lair:4 |    2819 |    2056 |  42.2 |       7 |       4 |  36.4
     Lair:5 |    6203 |       0 |   0.0 |      17 |       0 |   0.0
   Gauntlet |       0 |    2414 | 100.0 |       0 |       7 | 100.0
            +---------+---------+-------+---------+---------+-------
